 Dungeon Crawl Stone Soup version 0.30-a0-1103-g25895a7845 (webtiles) character file.

Game seed: 9520942926646387676

567 kae the Changer (level 7, -2/52 HPs)
             Began as a Purple Draconian Transmuter on Apr 18, 2023.
             Slain by an orc wizard
             ... wielding a +0 dagger
              (3 damage)
             ... on level 4 of the Dungeon.
             The game lasted 00:04:32 (3817 turns).

kae the Changer (Purple Draconian Transmuter)       Turns: 3817, Time: 00:04:33

Health: -2/52      AC:  2    Str: 12    XL:     7   Next: 11%
Magic:  8/13       EV: 19    Int: 16    God:
Gold:   163        SH:  0    Dex: 16    Spells: 4/14 levels left

rFire   . . .      SeeInvis .      - Unarmed
rCold   . . .      Faith    .    (shield currently unavailable)
rNeg    . . .      Spirit   .    (body armour unavailable)
rPois   .          Reflect  .    (helmet currently unavailable)
rElec   .          Rampage  .    (cloak currently unavailable)
rCorr   .                        (gloves currently unavailable)
Will    ++...                    (boots currently unavailable)
Stlth   +                        g - amulet of regeneration
HPRegen 1.08/turn                P - ring of poison resistance
MPRegen 0.13/turn                j - ring of willpower

@: spider-form, very slightly contaminated
A: venomous fangs, (breathe power), AC +6, tiny, unfitting armour,
(cold-blooded)
a: End Transformation


You were on level 4 of the Dungeon.
You were a venomous arachnid creature.
You visited 1 branch of the dungeon, and saw 4 of its levels.
You also visited: Sewer.

You collected 163 gold pieces.


Innate Abilities, Weirdness & Mutations

You are a venomous arachnid creature.
You have venomous fangs.
You are tiny and dextrous.
Your spellcasting is less reliable in this form.
Your armour is entirely melded.
You are incapable of wielding weapons or throwing items.
((You can breathe bolts of dispelling energy.))
((Your rich purple scales are hard. (AC +6)))
You cannot fit into any form of body armour.
((You are cold-blooded and may be slowed by cold attacks.))


   Skills:
 - Level 1.1 Fighting
 - Level 1.7 Dodging
 + Level 4.2 Unarmed Combat
 + Level 4.0 Spellcasting
 * Level 4.5 Transmutations
 * Level 3.4 Ice Magic
 - Level 2.5 Poison Magic


You had 4 spell levels left.
You knew the following spells:

 Your Spells              Type           Power      Damage    Failure   Level
a - Beastly Appendage     Tmut           34%        N/A       10%         1
b - Wereblood             Tmut           17%        N/A       12%         2
c - Spider Form           Tmut/Pois      14%        N/A       28%         3
d - Ice Form              Ice/Tmut       16%        N/A       54%         4

Your spell library contained the following spells:

 Spells                   Type           Power      Damage    Failure   Level
 Blink                    Tloc           6%         N/A       47%         2
 Dazzling Flash           Conj/Hex       6%         N/A       67%         3
 Portal Projectile        Hex/Tloc       6%         N/A       67%         3
 Tukima's Dance           Hex            3%         N/A       67%         3
 Cause Fear               Hex            1%         N/A       95%         4
 Manifold Assault         Tloc           3%         N/A       95%         4
 Passage of Golubria      Tloc           3%         N/A       95%         4
 Yara's Violent Unravell  Hex/Tmut       5%         3d4       96%         5
 Storm Form               Tmut/Air       5%         N/A       100%        7

Inventory:

Missiles
 b - 51 stones
 d - 21 poisoned darts
Jewellery
 g - an amulet of regeneration (around neck)
   (You found it on level 2 of the Dungeon)
 j - a ring of willpower (right front pincers)
   (You found it on level 3 of the Dungeon)
 P - a ring of poison resistance (left front pincers)
   (You found it on level 2 of the Dungeon)
Scrolls
 e - a scroll of enchant weapon
 p - a scroll of teleportation {@r4}
Potions
 a - a potion of lignification {!q}
 c - a potion of mutation {unknown}
 f - 3 potions of brilliance {unknown}
 h - 3 potions of curing {@q1}
 i - a potion of might {unknown}
 k - a potion of experience {unknown}
 l - 2 potions of heal wounds {unknown}
 m - 2 potions of invisibility
 n - a potion of haste {@q3}
 o - a potion of magic {unknown}
 q - a potion of flight {unknown}
 r - a potion of cancellation {unknown}

Dungeon Overview and Level Annotations

Branches:
Dungeon (4/15) Zot: 20697   Sewer (visited)
 Temple: D:4-7

Altars:

Shops:
D:1 ( D:4

[*[ ##...#.......###⌠
#...##.#.#....##.
##..###.####....#.
#...###.........##
##................ #
######.....#..#......
#..#...#................
#.....o......#.......#..
#.....os.............##.
##....oo.(...........##.
#......................
#......................
#....o....#...........##
..........#...........#.
.........#..............
......####.. ...........
...........


You could see an orc priest, an orc wizard (very poisoned) and 3 orcs.


Message History

You learn Hexes much quicker.
You learn Evocations quicker.
You can breathe bolts of dispelling energy. 😕 HP[+6] MP[+1]
You now have 62 max hp (+6).
You regained 6 hp, and now have 49/62 hp.
Your transformation is almost over.
You warm up again.
Things that are here:
a +0 club; a goblin corpse Key pressed, stopping explore.
A goblin comes into view.
It is wielding a +0 dagger. 😎 HP[+3] MP[+6]
You now have 52 max hp (-10).
Your hp is fully restored (52).
Your mp is fully restored (13).
Unknown command.
A goblin is nearby!
A goblin is nearby!
A goblin is nearby!
A goblin is nearby!
A goblin is nearby!
Unknown command.
A goblin is nearby!
Casting: Ice Form (quite dangerous; 32% risk of failure)
Confirm with . or Enter, or press ? or * to list all spells.
The spell is quite dangerous to miscast (32% risk of failure)!
Continue anyway? [Y]es or [N]o only, please.
The spell is quite dangerous to miscast (32% risk of failure)!
Continue anyway?
Okay, then.
Casting: Ice Form (quite dangerous; 32% risk of failure)
Confirm with . or Enter, or press ? or * to list all spells.
You miscast Spider Form.
You are very lightly contaminated with residual magic.
You feel rather nauseous for a moment.
You are poisoned.
You resist.
You feel sick.
The goblin shouts!
You hear a shout!
An orc wizard comes into view.
It is wielding a +0 dagger. 😕 HP[-1] MP[-3]
You take 1 damage, and now have 51/52 hp.
You lost 3 mp, and now have 10/13 mp.
Casting: Spider Form (dangerous; 12% risk of failure)
Confirm with . or Enter, or press ? or * to list all spells.
You turn into a venomous arachnid creature.
You feel sick.
You feel sick. 😕 MP[-3]
You lost 3 mp, and now have 7/13 mp.
A kobold comes into view. It is wielding a +0 whip.
You feel sick.
You are no longer poisoned.
An orc comes into view. It is wielding a +0 hand axe.
An orc comes into view.
It is wielding a +0 whip of electrocution.
The orc shouts!
You hear a shout!
The goblin hits you with a +0 dagger.
An orc comes into view. It is wielding a +0 hand axe. 😕 HP[-1]
You take 1 damage, and now have 50/52 hp.
The orc shouts! x2
You hit the goblin but do no damage.
The goblin is poisoned.
The goblin hits you with a +0 dagger.
An orc priest comes into view. It is wielding a +0 short sword.
The orc priest shouts!
You hit the goblin.
You kill the goblin!
The orc wizard hits you with a +0 dagger. 😕 HP[-3]
You take 3 damage, and now have 47/52 hp.
You hit the orc wizard.
The orc wizard is poisoned.
The orc wizard hits you with a +0 dagger.
You barely miss the orc wizard. The kobold barely misses you.
The orc priest casts a cantrip, but nothing happens. 😕 HP[-1] MP[+1]
You take 1 damage, and now have 46/52 hp.
You completely miss the kobold. The kobold closely misses you.
The orc priest calls upon Beogh to heal the orc wizard.
The orc wizard is healed somewhat.
You hit the kobold.
You kill the kobold!
The orc hits you with a +0 hand axe.
The orc priest calls upon Beogh to heal the orc wizard.
The orc wizard's wounds heal themselves! 😕 HP[-2]
You take 2 damage, and now have 44/52 hp.
You completely miss the orc wizard. The orc closely misses you.
The orc hits you with a +0 whip of electrocution.
You are electrocuted!!
* * * LOW HITPOINT WARNING * * *
The orc priest mumbles some strange prayers to Beogh against you.
Beogh smites you!
* * * LOW HITPOINT WARNING * * *
The orc wizard misses you.
You are too injured to fight recklessly! 😱 HP[-39]
You take 39 damage, and now have 5/52 hp.
MASSIVE DAMAGE!! (PAUSE)
You barely miss the orc wizard. The orc hits you with a +0 hand axe.
* * * LOW HITPOINT WARNING * * *
The orc closely misses you.
The orc wizard hits you with a +0 dagger.
You die...

Skill      XL: |  1  2  3  4  5  6 |
---------------+-------------------+-----
Poison Magic   | 1 2 |  2.5
Transmutations | 3 4 |  4.5
Ice Magic      | 1 2 3 |  3.4
Spellcasting   | 4 |  4.0
Unarmed Combat | 4 |  4.2
Fighting       | |  1.1
Dodging        | |  1.7

Action                     |  1- 3 |  4- 6 |  7- 9 || total
---------------------------+-------+-------+-------++-------
  Melee: Unarmed           |    64 |   215 |     8 ||   287
         Kick              |    11 |     6 |       ||    17
         Headbutt          |     6 |    12 |       ||    18
         Tailslap          |     8 |    10 |       ||    18
         Punch             |     2 |     5 |       ||     7
   Cast: Beastly Appendage |    17 |    18 |       ||    35
         Spider Form       |       |    11 |     1 ||    12
         Wereblood         |       |     2 |       ||     2
         Ice Form          |       |     2 |       ||     2
    Use: Scroll            |     1 |     9 |       ||    10
         Potion            |       |     3 |       ||     3
   Stab: Sleeping          |       |     3 |       ||     3
 Armour: Skin              |    18 |    76 |       ||    94
  Dodge: Dodged            |    31 |   150 |     5 ||   186

Levels and vault maps discovered:
D:1:      shiori_arrival_maze, layout_basic, serial_shops, shop,
          shapermc_ecumenical_altar_mp_ritualfount
D:2:      layout_basic, kennysheep_decorative_pillar, minivault_25,
          minmay_pentomino_x4, uniq_natasha
D:3:      layout_loops_ring
D:4:      layout_cave_pools, mainiacjoe_overflow_brackets, gup_sewer_entry_bowl,
          eino_tiny_chamber, nicolae_shop_distant_corner_stores

Notes
Turn   | Place    | Note
-------+----------+-------------------------------------------
     0 | D:1      | kae the Draconian Transmuter began the quest for the Orb.
     0 | D:1      | Reached XP level 1. HP: 16/16 MP: 3/3
     0 | D:1      | magus.rc [v1.11.3]
    50 | D:1      | Found Notun's Antique Weapon Boutique.
   278 | D:1      | Reached XP level 2. HP: 20/23 MP: 3/5
   670 | D:1      | Found a faded altar of an unknown god.
  1002 | D:2      | You add the spells Blink, Manifold Assault and Storm Form
                  | to your library.
  1010 | D:2      | Reached skill level 1 in Poison Magic
  1017 | D:2      | Reached XP level 3. HP: 18/28 MP: 4/6
  1160 | D:2      | Noticed Natasha
  1171 | D:2      | Killed Natasha
  1172 | D:2      | Reached skill level 3 in Transmutations
  1172 | D:2      | Reached XP level 4. HP: 30/35 MP: 7/7
  1176 | D:2      | Learned a level 2 spell: Wereblood
  1180 | D:2      | Learned a level 3 spell: Spider Form
  1730 | D:2      | Noticed Natasha
  1747 | D:2      | Killed Natasha
  1748 | D:2      | Reached skill level 1 in Ice Magic
  1748 | D:2      | Reached skill level 2 in Poison Magic
  1780 | D:2      | Noticed Natasha
  1789 | D:2      | Killed Natasha
  1790 | D:2      | Reached XP level 5. HP: 30/40 MP: 3/8
  2957 | D:4      | You add the spells Dazzling Flash, Portal Projectile and
                  | Cause Fear to your library.
  2957 | D:4      | Got the Secrets of Atmospheric Malediction
  3016 | D:4      | Found a glowing drain.
  3020 | Sewer    | Entered a sewer
  3065 | Sewer    | Reached skill level 2 in Ice Magic
  3265 | Sewer    | Reached XP level 6. HP: 47/47 MP: 10/10
  3271 | Sewer    | Reached skill level 3 in Spellcasting
  3271 | Sewer    | Reached skill level 4 in Transmutations
  3273 | Sewer    | Reached skill level 4 in Unarmed Combat
  3525 | D:4      | Learned a level 4 spell: Ice Form
  3572 | D:4      | Reached skill level 3 in Ice Magic
  3572 | D:4      | HP: 10/47 [gnoll/+0 halberd (11)]
  3658 | D:4      | You add the spells Tukima's Dance, Passage of Golubria and
                  | Yara's Violent Unravelling to your library.
  3663 | D:4      | Found Qerpha's Antique Armour Boutique.
  3663 | D:4      | Found Usil's General Store.
  3668 | D:4      | Found Mufeicaw's Armour Boutique.
  3723 | D:4      | Your scales start taking on a rich purple colour.
  3723 | D:4      | Reached skill level 4 in Spellcasting
  3723 | D:4      | Reached XP level 7. HP: 49/52 MP: 7/13
  3816 | D:4      | HP: 5/52 [orc priest/divine providence (16)]
  3817 | D:4      | HP: 1/52 [orc/+0 hand axe (5)]
  3817 | D:4      | Slain by an orc wizard

Vanquished Creatures
  An ogre (D:4)
  2 kobold brigands (Sewer)
  A scorpion (D:4)
  An orc priest (D:3)
  Natasha (thrice) (D:2)
  An orc wizard (D:3)
  3 adders (D:2)
  3 gnolls (D:4)
  2 worms
  2 dart slugs
  2 orcs (D:3)
  7 endoplasms
  2 giant cockroaches
  6 goblins
  8 hobgoblins
  22 kobolds
  6 quokkas
  7 ball pythons
  6 bats
  2 frilled lizards (Sewer)
  15 rats
102 creatures vanquished.

Vanquished Creatures (others)
  A plant (Sewer)
1 creature vanquished.

Grand Total: 103 creatures vanquished

Table legend:
 A = Non-vault XP
 B = Vault XP
 C = Vault XP percentage of total XP
 D = Non-vault monster count
 E = Vault monster count
 F = Vault count percentage of total count
                 A         B        C        D         E       F
            +---------+---------+-------+---------+---------+-------
      Total |     526 |     285 |  35.1 |      66 |      36 |  35.3
            +---------+---------+-------+---------+---------+-------
        D:1 |      26 |       3 |  10.3 |      15 |       2 |  11.8
        D:2 |     140 |      44 |  23.9 |      21 |       4 |  16.0
        D:3 |      99 |       0 |   0.0 |      15 |       0 |   0.0
        D:4 |     261 |      10 |   3.7 |      15 |       4 |  21.1
      Sewer |       0 |     228 | 100.0 |       0 |      26 | 100.0
            +---------+---------+-------+---------+---------+-------

Illustrated notes

Table legend:
 A = Kills in this place as a percentage of kills in the entire game.
 B = Kills by you in this place as a percentage of kills by you in the entire game.
 C = Kills by friends in this place as a percentage of kills by friends in the entire game.
 D = Other kills in this place as a percentage of other kills in the entire game.
 E = Experience gained in this place as a percentage of experience gained in the entire game.
 F = Experience gained in this place divided by the number of levels of this place that you have seen.
                   A       B       C       D       E      F
               +-------+-------+-------+-------+-------+----------------------
         Total | 100.0 | 100.0 |   N/A |   N/A | 100.0 | 162.2
       Dungeon |  74.5 |  74.5 |   N/A |   N/A |  71.9 | 145.8
         Sewer |  25.5 |  25.5 |   N/A |   N/A |  28.1 | 228.0
               +-------+-------+-------+-------+-------+----------------------

Table legend: (Time is in decaauts)
 A = Elapsed time spent in this place.
 B = Non-inter-level travel time spent in this place.
 C = Inter-level travel time spent in this place.
 D = Time resting spent in this place.
 E = Time spent auto-exploring this place.
 F = Levels seen in this place.
 G = Mean time per level.
                   A        B        C        D        E       F      G
               +--------+--------+--------+--------+--------+-----+--------+
         Total |   3815 |   3725 |     90 |    108 |   2811 |   5 |  763.0 |
       Dungeon |   3301 |   3211 |     90 |      8 |   2558 |   4 |  825.2 |
         Sewer |    514 |    514 |      0 |    100 |    253 |   1 |  514.0 |
               +--------+--------+--------+--------+--------+-----+--------+

Top non-repeatable levels by time:
     D:2: 1207 daAuts
     D:1: 993 daAuts
     D:3: 694 daAuts
   Sewer: 514 daAuts
     D:4: 406 daAuts
